 Dungeon Crawl Stone Soup version 0.31-a0-1237-gabc64e778c (webtiles) character file.

Game seed: 1379926490438620468

9 MachoJfn the Chopper (level 2, 22/22 HPs)
             Began as a Demonspawn Gladiator on Dec 15, 2023.
             Quit the game on level 1 of the Dungeon.
             The game lasted 00:00:58 (293 turns).

MachoJfn the Chopper (Demonspawn Gladiator)          Turns: 293, Time: 00:00:58

Health: 22/22      AC:  5    Str: 14    XL:     2   Next: 3%
Magic:  2/2        EV: 12    Int:  8    God:
Gold:   37         SH:  0    Dex: 14    Spells: 1/1 levels left

rFire   . . .        a - +0 war axe
rCold   . . .        (no shield)
rNeg    . . .        b - +0 leather armour
rPois   .            c - +1 helmet
rElec   .            (no cloak)
rCorr   .            (no gloves)
SInv    .            (no boots)
Will    .....        (no amulet)
Stlth   +            (no ring)
HPRegen 0.23/turn    (no ring)
MPRegen 0.16/turn

%: no passive effects
@: weak-willed
A: magic regeneration
a: no special abilities


You were on level 1 of the Dungeon.
You visited 1 branch of the dungeon, and saw 1 of its levels.

You collected 37 gold pieces.

Inventory:

Hand Weapons
 a - a +0 war axe (weapon)
Missiles
 d - 3 throwing nets (quivered)
 e - a javelin
Armour
 b - a +0 leather armour (worn)
 c - a +1 helmet (worn)
Scrolls
 h - a scroll of vulnerability
 j - 2 scrolls of teleportation
Potions
 f - a potion of brilliance {unknown}
 i - 2 potions of resistance


   Skills:
 + Level 2.0 Fighting
 + Level 3.0 Axes
 - Level 1.7 Throwing
 + Level 2.8 Dodging


You had one spell level left.
You didn't know any spells.
Your spell library was empty.

Dungeon Overview and Level Annotations

Branches:
Dungeon (1/15)

Altars:


Innate Abilities, Weirdness & Mutations

You regenerate magic rapidly.


Message History

The kobold barely misses you.
You barely miss the kobold.
The kobold is moderately wounded.
The kobold hits you with a +0 club. The kobold misses you.
You miss the kobold.
The kobold is moderately wounded.
The kobold hits you but does no damage.
You completely miss the kobold. The kobold hits you with a +0 club.
The kobold hits you but does no damage.
You barely miss the kobold. The kobold hits you with a +0 club.
You slash the kobold!
You kill the kobold!
You see here a +0 club.
You start resting.
HP restored.
k - a scroll labelled ZUVVO HALAC A goblin comes into view.
It is wielding a +0 club.
Found 5 boomerangs.
You see here a scroll labelled HITZIZ VOSHREO.
h - 2 scrolls labelled HITZIZ VOSHREO (gained 1)
The goblin shouts!
You slash the goblin!
You kill the goblin!
You have reached level 2!
Your demonic ancestry asserts itself...
Your magic begins to regenerate rapidly.
As you read the scroll labelled HITZIZ VOSHREO, it crumbles to dust.
Magic quickly surges around you.
It was a scroll of vulnerability.
As you read the scroll labelled FALIOF HIEBREW, it crumbles to dust.
You feel strangely unstable.
It was a scroll of teleportation.
As you read the scroll labelled FULIGROPUD, it crumbles to dust.
It is a scroll of identify.
i - 2 potions of resistance
As you read the scroll labelled ZUVVO HALAC, it crumbles to dust.
It is a scroll of enchant armour.
Your +0 helmet glows green for a moment.
Your surroundings suddenly seem different.
Found a leather armour.
Unknown command.
Are you sure you want to abandon this character and quit the game? (Confirm with "yes".)

#
#.########.##.##..#............
###...######.##
#.........#.#..# ...........#.#
##.##..###.#.#..#
#####.####.#.#
.................. # #)##
#.#.#####.############## #
#..###.......... #
##..###....###.#
######..##....###.#
................@..#
########..####.##..# #.......#
#.# ..... ####.#####...#.#
....... .......# .#...# .[.....
.......# .##..# .......
.......# .###.. ..#####
.......# .# #.. ..# .......#
#..


There were no monsters in sight!

Vanquished Creatures
  A dart slug (D:1)
  An endoplasm (D:1)
  A goblin (D:1)
  A quokka (D:1)
  A ball python (D:1)
  A kobold (D:1)
  A rat (D:1)
7 creatures vanquished.

Notes
Turn   | Place    | Note
-------+----------+-------------------------------------------
     0 | D:1      | MachoJfn the Demonspawn Gladiator began the quest for the
                  | Orb.
     0 | D:1      | Reached XP level 1. HP: 16/16 MP: 1/1
   180 | D:1      | Reached skill level 3 in Axes
   272 | D:1      | Gained mutation: You regenerate magic rapidly. [demonic
                  | ancestry]
   272 | D:1      | Reached XP level 2. HP: 22/22 MP: 2/2
   293 | D:1      | Quit the game

Illustrated notes

Levels and vault maps discovered:
D:1:      onia_arrival_mini_maze_b, layout_basic, minmay_hexomino_c4

Skill      XL: |  1 |
---------------+----+-----
Axes           | 3 |  3.0
Fighting       | |  2.0
Throwing       | |  1.7
Dodging        | |  2.8

Action                     || total
---------------------------++-------
  Melee: War axe           ||    20
    Use: Scroll            ||     4
 Armour: Leather armour    ||    14
  Dodge: Dodged            ||    16

Table legend: (Time is in decaauts)
 A = Elapsed time spent in this place.
 B = Non-inter-level travel time spent in this place.
 C = Inter-level travel time spent in this place.
 D = Time resting spent in this place.
 E = Time spent auto-exploring this place.
 F = Levels seen in this place.
 G = Mean time per level.
                   A        B        C        D        E       F      G
               +--------+--------+--------+--------+--------+-----+--------+
         Total |    300 |    291 |      9 |     32 |    172 |   1 |  300.0 |
       Dungeon |    300 |    291 |      9 |     32 |    172 |   1 |  300.0 |
               +--------+--------+--------+--------+--------+-----+--------+

Top non-repeatable levels by time:
     D:1: 300 daAuts
